 Dungeon Crawl Stone Soup version 0.23.0 (webtiles) character file.

Game seed: 8378521143451624856

531 theswoord the Carver (level 7, -2/62 HPs)
             Began as a Naga Berserker on Feb 10, 2019.
             Was a Believer of Trog.
             Killed from afar by an orc wizard (7 damage)
             ... with a magic dart
             ... on level 4 of the Dungeon.
             The game lasted 00:09:16 (3599 turns).

theswoord the Carver (Naga Berserker)               Turns: 3599, Time: 00:09:16

Health: -2/62      AC:  5    Str: 19    XL:     7   Next: 24%
Magic:  7/7        EV: 23    Int: 12    God:    Trog [**....]
Gold:   159        SH:  0    Dex: 13    Spells: 6/6 levels left

rFire    . . .     SeeInvis +   a - +0 falchion
rCold    . . .     Gourm    .   (no shield)
rNeg     + . .     Faith    .   s - +0 scale mail
rPois    +         Spirit   .   (no helmet)
rElec    .         Reflect  .   (no cloak)
rCorr    .         Harm     .   (no gloves)
MR       .....                  (no barding)
Stlth    ..........             g - amulet of the acrobat
HPRegen  0.20/turn              q - ring of flight
MPRegen  0.10/turn              f - ring of positive energy

@: brilliant, acrobat, very slightly contaminated, starving, invisible, very
slow
A: large, see invisible, deformed body, poison resistance, slowness 2, slow
metabolism 1, spit poison 1, AC +2
a: Spit Poison, Berserk, Trog's Hand, Renounce Religion, Evoke Flight


You were on level 4 of the Dungeon.
You worshipped Trog.
Trog was pleased with you.
You were starving.

You visited 1 branch of the dungeon, and saw 4 of its levels.

You collected 159 gold pieces.

Inventory:

Hand Weapons
 a - a +0 falchion (weapon)
Armour
 b - a +0 animal skin
 s - a +0 scale mail (worn)
Jewellery
 f - a ring of positive energy (right hand)
 g - an amulet of the acrobat (around neck)
 q - a ring of flight (left hand)
Wands
 n - a wand of paralysis (15)
Scrolls
 e - a scroll of fear
 j - 2 scrolls of blinking
 k - 4 scrolls of teleportation
 l - 3 scrolls of remove curse
 u - a scroll of amnesia
Potions
 m - a potion of lignification
Comestibles
 c - 6 rations
 h - 8 chunks of flesh


   Skills:
 - Level 3.0 Fighting
 + Level 8.1 Long Blades
 - Level 1.5 Armour
 - Level 1.5 Dodging


You had 6 spell levels left.
You didn't know any spells.
Your spell library was empty.

Dungeon Overview and Level Annotations

Branches:
Dungeon (4/15)
 Temple: D:4-7

Altars:


Innate Abilities, Weirdness & Mutations

You cannot wear boots.
Your serpentine skin is tough. (AC +2)
You have supernaturally acute eyesight. (SInv)
Armour fits poorly on your strangely shaped body.
Your system is resistant to poisons. (rPois)
You cover ground very slowly.
You have a slow metabolism.
You can spit poison.


Message History

You feel a little less agile now. The orc wizard barely misses you.
You feel less confused.
The orc wizard points at you and mumbles some strange words.
The magic dart hits you.
* * * LOW HITPOINT WARNING * * *
The orc wizard gestures at something while chanting.
You are confused.
The orc wizard points at something and mumbles some strange words.
The orc wizard gestures at you while chanting.
You easily resist.
You barely miss the orc wizard.
The orc wizard hits you but does no damage.
You recover from your berserk rage.
You feel less confused.
The orc wizard mumbles some strange words.
The orc wizard flickers and vanishes for a moment.
The orc wizard gestures at you while chanting.
The magic dart hits you!
You die...

,,,**,,,,,,,,,**..........,,,,,,*
,,,**8,,,8,,,8**#.........,,,,,,*
,,,****8***8*** #.........,,,,,,*
,,,********######.......(.,,,,,,*
*,,,,,,,,,,#....#)........,,,,,,*
*,,,,,,,,,,#....##)######,,,,,,,*
*,,,,,,,,,,#.....).)....#,,,,,,,*
*,,,,,,,,,,#.......o....#,,,,,,,*
*,,,,,,,,,,#....@.......#,,,,,,,*
*,,,,,,,,,,#....#########,,,,,,,*
*,,,,,,,,,,#....##......#,,,,,,,*
*,,,,,,,,,,#............#,,,,,,,*
,,,,,,,,,,,#............#,,,,,,,*
*,,,,****,,#............#,,,,,,,*
*+,,+* *,,#....##......#########
*,,,,* *,,#....##......##......#
*,,,** *,,#....................#


You could see an orc wizard (invisible).

Vanquished Creatures
  4 orc priests (D:4)
  4 orc wizards (D:4)
  A bullfrog skeleton (D:4)
  Natasha (thrice) (D:3)
  A hound skeleton (D:4)
  9 adders
  2 worms
  4 dart slugs
  4 leopard geckos
  9 orcs (D:4)
  4 ball pythons
  3 giant cockroaches
  6 goblins
  5 hobgoblins
  12 jackals
  A quokka (D:2)
  3 bats
  3 frilled lizards
  8 kobolds
  8 rats
94 creatures vanquished.

Vanquished Creatures (others)
  An orc (D:4)
1 creature vanquished.

Grand Total: 95 creatures vanquished

Notes
Turn   | Place    | Note
-------+----------+-------------------------------------------
     0 | D:1      | theswoord the Naga Berserker began the quest for the Orb.
     0 | D:1      | Reached XP level 1. HP: 21/21 MP: 1/1
    99 | D:1      | Reached XP level 2. HP: 20/28 MP: 2/2
   936 | D:1      | Reached skill level 4 in Long Blades
   994 | D:1      | Reached XP level 3. HP: 34/34 MP: 3/3
  1657 | D:2      | Reached XP level 4. HP: 42/42 MP: 4/4
  1819 | D:2      | Reached skill level 5 in Long Blades
  1843 | D:2      | Reached ** piety under Trog
  2677 | D:3      | Reached XP level 5. HP: 40/49 MP: 5/5
  2801 | D:3      | Noticed Natasha
  2813 | D:3      | Killed Natasha
  2813 | D:3      | Reached skill level 6 in Long Blades
  2835 | D:3      | Noticed Natasha
  2851 | D:3      | Killed Natasha
  2870 | D:3      | Noticed Natasha
  2897 | D:3      | Killed Natasha
  2963 | D:3      | Reached XP level 6. HP: 44/56 MP: 6/6
  3477 | D:4      | Reached skill level 7 in Long Blades
  3555 | D:4      | Reached XP level 7. HP: 62/62 MP: 7/7
  3577 | D:4      | Reached skill level 8 in Long Blades
  3590 | D:4      | HP: 2/62 [orc wizard/magic dart (5)]
  3599 | D:4      | Killed from afar by an orc wizard

Skill      XL: |  1  2  3  4  5  6  7 |
---------------+----------------------+-----
Long Blades    | 4 5 6 7 8 |  8.1
Fighting       | |  3.0
Armour         | |  1.5
Dodging        | |  1.5

Action                   |  1- 3 |  4- 6 |  7- 9 || total
-------------------------+-------+-------+-------++-------
Melee: Falchion          |   102 |   173 |    22 ||   297
Invok: Berserk           |     1 |     5 |       ||     6
       Trog's Hand       |       |     1 |     1 ||     2
 Abil: Spit Poison       |     2 |     6 |       ||     8
  Use: Potion            |       |     4 |     5 ||     9
       Scroll            |       |     7 |       ||     7
  Eat: Chunk             |     1 |    11 |       ||    12
Armor: Animal skin       |    13 |     9 |       ||    22
       Scale mail        |       |    50 |    14 ||    64
       Skin              |       |    13 |       ||    13
Dodge: Dodged            |    66 |    70 |    60 ||   196
       Rpst.: Falchion   |    19 |    28 |    11 ||    58

Levels and vault maps discovered:
D:1:      evilmike_arrival_fibonacci_small, layout_basic,
          minmay_misc_feat_plants, serial_bayou_crossing
D:2:      layout_loops_ring, minmay_cupped
D:3:      layout_rooms, serial_forest, infiniplex_forest_lined_corner,
          infiniplex_forest_lined_3_way, infiniplex_forest_side_room,
          infiniplex_forest_clump_medium, infiniplex_forest_clump_double,
          infiniplex_forest_clump_double, uniq_natasha
D:4:      layout_gridville, nicolae_overflow_hidden_temple, vehumet_crystals,
          lemuel_crystal_altar, enter_ossuary_3, minivault_26,
          uniq_crazy_yiuf_cottage
